 Dungeon Crawl Stone Soup version 0.26.0-10-g1f06aea511 (webtiles) character file.

Game seed: 7097222388092081093

870 Dracia the Magician (level 8, -1/62 HPs)
             Began as a Gnoll Hedge Wizard on Jan 14, 2021.
             Slain by a jelly (3 damage)
             ... on level 8 of the Dungeon.
             The game lasted 00:08:28 (5073 turns).

Dracia the Magician (Gnoll Hedge Wizard)            Turns: 5073, Time: 00:08:28

Health: -1/62      AC:  0    Str: 15    XL:     8   Next: 3%
Magic:  19/19      EV: 15    Int: 22    God:
Gold:   280        SH:  0    Dex: 15    Spells: 9/22 levels left

rFire    . . .     SeeInvis .   r - +0 hand axe (freeze)
rCold    + . .     Faith    .   (no shield)
rNeg     . . .     Spirit   .   v - +2 leather armour {rC+}
rPois    .         Reflect  .   w - +2 helmet
rElec    .         Harm     .   (no cloak)
rCorr    .         Rampage  .   (no gloves)
Will     .....                  (no boots)
Stlth    +++.......             (no amulet)
HPRegen  0.20/turn              I - +6 ring of intelligence
MPRegen  0.16/turn              Z - ring of wizardry

@: corroded
A: distributed training, fangs 1, hooves 1, deformed body, robust 1, strong nose
a: no special abilities


You were on level 8 of the Dungeon.
You visited 1 branch of the dungeon, and saw 6 of its levels.

You collected 280 gold pieces.


Innate Abilities, Weirdness & Mutations

Your experience applies equally to all skills.
You have very sharp teeth.
Your uncanny sense of smell can sniff out nearby items.
You have large cloven feet.
Armour fits poorly on your strangely shaped body.
You are robust. (+10% HP)


   Skills:
 + Level 2.9 Fighting
 + Level 2.9 Short Blades
 + Level 2.9 Long Blades
 + Level 2.9 Axes
 + Level 2.9 Maces & Flails
 + Level 2.9 Polearms
 + Level 2.9 Staves
 + Level 2.9 Slings
 + Level 2.9 Bows
 + Level 2.9 Crossbows
 + Level 2.9 Throwing
 + Level 2.9 Armour
 + Level 5.4 Dodging
 + Level 5.1 Stealth
 + Level 2.9 Shields
 + Level 2.9 Unarmed Combat
 + Level 7.7 Spellcasting
 + Level 3.2 Conjurations
 + Level 2.3 Hexes
 + Level 3.2 Summonings
 + Level 2.3 Necromancy
 + Level 3.2 Translocations
 + Level 2.3 Transmutations
 + Level 2.3 Fire Magic
 + Level 2.3 Ice Magic
 + Level 2.3 Air Magic
 + Level 2.3 Earth Magic
 + Level 2.3 Poison Magic
 + Level 3.2 Invocations
 + Level 2.9 Evocations


You had 9 spell levels left.
You knew the following spells:

 Your Spells              Type           Power        Failure   Level
c - Call Imp              Summ           22%          1%          2
f - Conjure Flame         Conj/Fire      20%          3%          3
m - Mephitic Cloud        Conj/Pois/Air  20%          4%          3
s - Slow                  Hex            18%          2%          2
z - Magic Dart            Conj           88%          1%          1
I - Blink                 Tloc           N/A          1%          2

Your spell library contained the following spells:

 Spells                   Type           Power        Failure   Level


Inventory:

Hand Weapons
 a - a +1 dagger
 j - a +1 mace of draining
 r - a +0 hand axe of freezing (weapon)
Missiles
 f - 21 poisoned darts
 i - 6 atropa-tipped darts
 x - 3 curare-tipped darts {=f=f}
Armour
 b - a +0 robe
 c - a +1 hat
 m - a +0 ring mail
 t - a +3 ring mail
 v - a +2 leather armour of cold resistance (worn)
 w - a +2 helmet (worn)
Jewellery
 h - a -4 ring of strength
 s - an uncursed amulet of magic regeneration {unknown}
 I - a +6 ring of intelligence (left hand)
 Z - a ring of wizardry (right hand)
Wands
 d - a wand of iceblast (6)
Scrolls
 e - 3 scrolls of enchant armour
 g - 2 scrolls of enchant weapon
 k - 2 scrolls of random uselessness {unknown}
 l - 8 scrolls of identify {unknown}
 p - a scroll of fear {unknown}
 q - a scroll of fog {unknown}
 y - a scroll of remove curse {@r2@r2}
 z - 2 scrolls of immolation {unknown}
 D - a scroll of magic mapping {unknown}
Potions
 n - a potion of invisibility {unknown}
 o - a potion of curing {unknown}
 u - a potion of resistance
 A - a potion of lignification
 B - 2 potions of brilliance {unknown}
 C - a potion of cancellation {unknown}

Dungeon Overview and Level Annotations

Branches:
Dungeon (5/15)
 Temple: D:4-7

Altars:
Dithmenos
Elyvilon
Fedhas
Gozag
Hepliaklqana
Vehumet

#. .#### ...
...... ....
...... ..##
.....
...###...#
#.......#
#.J....#
#..@.#.##..
##..Y.....##
#...........
#..........#
...............
...........##..
.......##..# .
....... ...
....... ..##


You could see an ice beast and a jelly.


Message History

You bite the jelly, but do no damage.
The jelly is heavily wounded.
You closely miss the ice beast. The jelly barely misses you.
The ice beast hits you. The ice beast freezes you. You resist.
Unknown command.
You barely miss the jelly. You kick the jelly.
The jelly is severely wounded.
You hit the ice beast but do no damage. The ice beast misses you.
The jelly closely misses you.
Unknown command.
You hit the jelly but do no damage.
Your hands burn!
You bite the jelly, but do no damage.
The jelly is severely wounded.
You hit the ice beast but do no damage. The ice beast hits you.
The ice beast freezes you. You resist.
* * * LOW HITPOINT WARNING * * *
The jelly hits you.
* * * LOW HITPOINT WARNING * * *
You are splashed with acid!
* * * LOW HITPOINT WARNING * * *
You hit the jelly but do no damage.
Your hands burn!
* * * LOW HITPOINT WARNING * * *
You kick the jelly, but do no damage. You bite the jelly, but do no damage.
The jelly is severely wounded.
You hit the ice beast but do no damage. The ice beast hits you.
* * * LOW HITPOINT WARNING * * *
The ice beast freezes you. You resist.
* * * LOW HITPOINT WARNING * * *
The jelly hits you.
You die...

Skill      XL: |  1  2  3  4  5  6  7 |
---------------+----------------------+-----
Conjurations   | 2 3 |  3.2
Summonings     | 2 3 |  3.2
Translocations | 2 3 |  3.2
Invocations    | 1 2 3 |  3.2
Fighting       | 1 2 |  2.9
Short Blades   | 1 2 |  2.9
Long Blades    | 1 2 |  2.9
Axes           | 1 2 |  2.9
Maces & Flails | 1 2 |  2.9
Polearms       | 1 2 |  2.9
Staves         | 1 2 |  2.9
Slings         | 1 2 |  2.9
Bows           | 1 2 |  2.9
Crossbows      | 1 2 |  2.9
Throwing       | 1 2 |  2.9
Armour         | 1 2 |  2.9
Shields        | 1 2 |  2.9
Unarmed Combat | 1 2 |  2.9
Evocations     | 1 2 |  2.9
Hexes          | 1 2 |  2.3
Necromancy     | 1 2 |  2.3
Transmutations | 1 2 |  2.3
Fire Magic     | 1 2 |  2.3
Ice Magic      | 1 2 |  2.3
Air Magic      | 1 2 |  2.3
Earth Magic    | 1 2 |  2.3
Poison Magic   | 1 2 |  2.3
Dodging        | 5 |  5.4
Stealth        | 5 |  5.1
Spellcasting   | |  7.7

Action                   |  1- 3 |  4- 6 |  7- 9 || total
-------------------------+-------+-------+-------++-------
Melee: Dagger            |    24 |       |       ||    24
       Bite              |     4 |    15 |     8 ||    27
       Mace              |    17 |    17 |       ||    34
       Hand axe          |       |   120 |    59 ||   179
       Kick              |       |       |     3 ||     3
 Cast: Magic Dart        |    65 |    37 |    21 ||   123
       Mephitic Cloud    |       |     1 |     3 ||     4
       Call Imp          |       |       |     1 ||     1
  Use: Scroll            |     3 |       |       ||     3
       Potion            |       |     2 |     5 ||     7
 Stab: Sleeping          |     2 |     7 |     2 ||    11
       Confused          |       |     1 |     1 ||     2
Armor: Robe              |     6 |       |       ||     6
       Ring mail         |     7 |    13 |       ||    20
       Leather armour    |       |    36 |    19 ||    55
       Skin              |       |       |    11 ||    11
Dodge: Dodged            |    42 |   141 |    58 ||   241

Levels and vault maps discovered:
D:1:      minmay_arrival_semitransparent, layout_loops_corners, chequers_avenue
D:2:      layout_basic, marbit_many_paths, overflow_temple_1_default,
          overflow_temple_1_default
D:3:      layout_basic, minmay_diced_spiral
D:4:      layout_basic, st_stairs_4, kennysheep_diamond
D:5:      layout_basic, old_standard_altar, elyvilon_altar_5, uniq_ijyb
D:8:      layout_cave_pools, tgw_xom, led_sif_pool,
          nicolae_ru_the_path_less_chosen, david_lair_shrubbed

Notes
Turn   | Place    | Note
-------+----------+-------------------------------------------
     0 | D:1      | Dracia the Gnoll Hedge Wizard began the quest for the Orb.
     0 | D:1      | Reached XP level 1. HP: 13/13 MP: 8/8
   181 | D:1      | Reached skill level 2 in Conjurations
   181 | D:1      | Reached skill level 2 in Summonings
   181 | D:1      | Reached skill level 2 in Translocations
   260 | D:1      | Reached XP level 2. HP: 19/19 MP: 5/10
   350 | D:1      | Learned a level 2 spell: Blink
   353 | D:1      | Learned a level 2 spell: Call Imp
   356 | D:1      | Learned a level 2 spell: Slow
   853 | D:1      | Reached XP level 3. HP: 25/25 MP: 8/11
  1358 | D:2      | Reached skill level 1 in Invocations
  1467 | D:2      | Found an opulent altar of Gozag.
  1576 | D:2      | Learned a level 3 spell: Conjure Flame
  1580 | D:2      | Learned a level 3 spell: Mephitic Cloud
  1623 | D:2      | Reached skill level 1 in Fighting
  1623 | D:2      | Reached skill level 1 in Short Blades
  1623 | D:2      | Reached skill level 1 in Long Blades
  1623 | D:2      | Reached skill level 1 in Axes
  1623 | D:2      | Reached skill level 1 in Maces & Flails
  1623 | D:2      | Reached skill level 1 in Polearms
  1623 | D:2      | Reached skill level 1 in Staves
  1623 | D:2      | Reached skill level 1 in Slings
  1623 | D:2      | Reached skill level 1 in Bows
  1623 | D:2      | Reached skill level 1 in Crossbows
  1623 | D:2      | Reached skill level 1 in Throwing
  1623 | D:2      | Reached skill level 1 in Armour
  1623 | D:2      | Reached skill level 1 in Shields
  1623 | D:2      | Reached skill level 1 in Unarmed Combat
  1623 | D:2      | Reached skill level 1 in Evocations
  1812 | D:2      | Reached XP level 4. HP: 29/32 MP: 13/13
  1875 | D:2      | Found a shadowy altar of Dithmenos.
  2036 | D:2      | Found a hazy altar of Hepliaklqana.
  2207 | D:3      | HP: 3/32 [orc/+0 hand axe of freezing (3)]
  2262 | D:3      | Reached skill level 1 in Hexes
  2262 | D:3      | Reached skill level 1 in Necromancy
  2262 | D:3      | Reached skill level 1 in Transmutations
  2262 | D:3      | Reached skill level 1 in Fire Magic
  2262 | D:3      | Reached skill level 1 in Ice Magic
  2262 | D:3      | Reached skill level 1 in Air Magic
  2262 | D:3      | Reached skill level 1 in Earth Magic
  2262 | D:3      | Reached skill level 1 in Poison Magic
  2528 | D:3      | HP: 2/32 [orc/+0 war axe (7)]
  2545 | D:3      | Reached XP level 5. HP: 25/37 MP: 12/14
  3155 | D:4      | Found a radiant altar of Vehumet.
  3171 | D:4      | Reached skill level 2 in Invocations
  3171 | D:4      | Reached XP level 6. HP: 38/44 MP: 11/16
  3562 | D:4      | Reached skill level 5 in Dodging
  3682 | D:4      | Reached skill level 2 in Fighting
  3682 | D:4      | Reached skill level 2 in Short Blades
  3682 | D:4      | Reached skill level 2 in Long Blades
  3682 | D:4      | Reached skill level 2 in Axes
  3682 | D:4      | Reached skill level 2 in Maces & Flails
  3682 | D:4      | Reached skill level 2 in Polearms
  3682 | D:4      | Reached skill level 2 in Staves
  3682 | D:4      | Reached skill level 2 in Slings
  3682 | D:4      | Reached skill level 2 in Bows
  3682 | D:4      | Reached skill level 2 in Crossbows
  3682 | D:4      | Reached skill level 2 in Throwing
  3682 | D:4      | Reached skill level 2 in Armour
  3682 | D:4      | Reached skill level 2 in Shields
  3682 | D:4      | Reached skill level 2 in Unarmed Combat
  3682 | D:4      | Reached skill level 2 in Evocations
  3978 | D:5      | Entered Level 5 of the Dungeon
  4000 | D:5      | Reached XP level 7. HP: 50/50 MP: 12/18
  4375 | D:5      | Reached skill level 2 in Hexes
  4375 | D:5      | Reached skill level 2 in Necromancy
  4375 | D:5      | Reached skill level 2 in Transmutations
  4375 | D:5      | Reached skill level 2 in Fire Magic
  4375 | D:5      | Reached skill level 2 in Ice Magic
  4375 | D:5      | Reached skill level 2 in Air Magic
  4375 | D:5      | Reached skill level 2 in Earth Magic
  4375 | D:5      | Reached skill level 2 in Poison Magic
  4375 | D:5      | Noticed Ijyb
  4389 | D:5      | Killed Ijyb
  4390 | D:5      | Reached skill level 3 in Conjurations
  4390 | D:5      | Reached skill level 3 in Summonings
  4390 | D:5      | Reached skill level 3 in Translocations
  4401 | D:5      | Reached skill level 5 in Stealth
  4402 | D:5      | Reached skill level 3 in Invocations
  4442 | D:5      | Found a blossoming altar of Fedhas.
  4462 | D:5      | HP: 7/76 [poisoned by a worker ant]
  4463 | D:5      | Gained mutation: You have large cloven feet. [potion of
                  | mutation]
  4463 | D:5      | Gained mutation: Armour fits poorly on your strangely
                  | shaped body. [potion of mutation]
  4463 | D:5      | Gained mutation: You are robust. (+10% HP) [potion of
                  | mutation]
  4464 | D:5      | HP: 3/84 [worker ant (1)]
  4469 | D:5      | Reached XP level 8. HP: 24/62 MP: 14/19
  4856 | D:5      | Found a white marble altar of Elyvilon.
  5065 | D:5      | You fall into a shaft and drop 3 floors!
  5073 | D:8      | HP: 2/62 [ice beast (5)]
  5073 | D:8      | Slain by a jelly

Vanquished Creatures
  A black bear (D:5)
  2 ogres
  A centaur (D:5)
  A scorpion (D:5)
  2 howler monkeys
  A hound (D:4)
  A centaur skeleton (D:4)
  An orc wizard (D:3)
  An iguana (D:5)
  Ijyb (D:5)
  2 worker ants
  A hound skeleton (D:5)
  11 adders
  A shadow imp (D:5)
  An ufetubus (D:5)
  An ooze (D:3)
  3 worms
  2 dart slugs
  4 leopard geckos
  6 orcs (D:3)
  6 giant cockroaches
  4 goblins
  7 hobgoblins
  2 jackals (D:3)
  5 quokkas
  2 ball pythons
  7 bats
  3 frilled lizards
  7 kobolds
  A leopard gecko skeleton (D:5)
  10 rats
98 creatures vanquished.

Table legend: (Time is in decaauts)
 A = Elapsed time spent in this place.
 B = Non-inter-level travel time spent in this place.
 C = Inter-level travel time spent in this place.
 D = Time resting spent in this place.
 E = Time spent auto-exploring this place.
 F = Levels seen in this place.
 G = Mean time per level.
                   A        B        C        D        E       F      G
               +--------+--------+--------+--------+--------+-----+--------+
         Total |   5139 |   4987 |    152 |    749 |   3486 |   6 |  856.5 |
       Dungeon |   5139 |   4987 |    152 |    749 |   3486 |   6 |  856.5 |
               +--------+--------+--------+--------+--------+-----+--------+

Top non-repeatable levels by time:
     D:1: 1324 daAuts
     D:5: 1096 daAuts
     D:3: 997 daAuts
     D:2: 859 daAuts
     D:4: 852 daAuts
     D:8: 8 daAuts

Table legend:
 A = Non-vault XP
 B = Vault XP
 C = Vault XP percentage of total XP
 D = Non-vault monster count
 E = Vault monster count
 F = Vault count percentage of total count
                 A         B        C        D         E       F
            +---------+---------+-------+---------+---------+-------
      Total |    1102 |     141 |  11.3 |      89 |       9 |   9.2
            +---------+---------+-------+---------+---------+-------
        D:1 |      39 |       0 |   0.0 |      25 |       0 |   0.0
        D:2 |      54 |       1 |   1.8 |      14 |       1 |   6.7
        D:3 |     144 |       5 |   3.4 |      26 |       3 |  10.3
        D:4 |     267 |      99 |  27.0 |      10 |       4 |  28.6
        D:5 |     598 |      36 |   5.7 |      14 |       1 |   6.7
            +---------+---------+-------+---------+---------+-------
